 Dungeon Crawl Stone Soup version 0.23.2-1-ga50397a (webtiles) character file.

Game seed: 5953940866196266690

365 night the Conjurer (level 6, -1/45 HPs)
             Began as a Draconian Conjurer on Apr 29, 2019.
             Was an Initiate of Sif Muna.
             Slain by an orc warrior
             ... wielding a +0 glaive
              (27 damage)
             ... on level 4 of the Dungeon.
             The game lasted 00:16:44 (4356 turns).

night the Conjurer (Draconian Conjurer)             Turns: 4356, Time: 00:16:47

Health: -1/45      AC:  9    Str: 10    XL:     6   Next: 40%
Magic:  0/11       EV: 12    Int: 18    God:    Sif Muna [......]
Gold:   176        SH:  2    Dex: 11    Spells: 1/11 levels left

rFire    . . .     SeeInvis .   b - staff of conjuration
rCold    . . .     Gourm    .   (no shield)
rNeg     . . .     Faith    .   (armour unavailable)
rPois    .         Spirit   .   (helmet restricted)
rElec    .         Reflect  +   (no cloak)
rCorr    .         Harm     .   p - +2 pair of gloves
MR       .....                  (no boots)
Stlth    ++........             e - +2 amulet of reflection
HPRegen  0.15/turn              (no ring)
MPRegen  0.12/turn              (no ring)

@: no status effects
A: unfitting armour, cold-blooded, AC +6
a: Renounce Religion


You were on level 4 of the Dungeon.
You worshipped Sif Muna.
Sif Muna was noncommittal.
You were not hungry.

You visited 2 branches of the dungeon, and saw 5 of its levels.

You collected 176 gold pieces.

Inventory:

Missiles
 a - 184 stones (quivered)
 i - 87 sling bullets
 k - 51 arrows
Armour
 p - a +2 pair of gloves (worn)
Magical Staves
 b - an uncursed staff of conjuration (weapon)
 v - an uncursed staff of fire
Jewellery
 c - an uncursed amulet of regeneration
 e - a +2 amulet of reflection (around neck)
 x - an uncursed amulet of the gourmand {unknown}
Scrolls
 d - 6 scrolls of identify
 o - a scroll of remove curse
 q - a scroll of enchant weapon {unknown}
 y - a scroll of teleportation
Potions
 f - 3 potions of lignification
 g - a potion of haste {unknown}
 h - a potion of magic
 j - a potion of heal wounds {unknown}
 l - 3 potions of curing {unknown}
 m - a potion of flight {unknown}
 n - a potion of cancellation {unknown}
 r - a potion of agility {unknown}
 s - a potion of invisibility {unknown}
 t - a potion of brilliance {unknown}
 u - a potion of degeneration {unknown}
Comestibles
 w - 10 rations
 z - 5 chunks of flesh


   Skills:
 - Level 1.7 Dodging
 - Level 1.7 Stealth
 * Level 4.2 Unarmed Combat
 + Level 3.3 Spellcasting
 + Level 5.0 Conjurations
 + Level 1.6 Hexes


You had one spell level left.
You knew the following spells:

 Your Spells              Type           Power        Failure   Level  Hunger
a - Magic Dart            Conj           ####         1%          1    None
b - Searing Ray           Conj           ####..       3%          2    ##.....
c - Dazzling Spray        Conj/Hex       ###...       12%         3    ###....
d - Fulminant Prism       Conj/Hex       ###.......   36%         4    ####...

Your spell library contained the following spells:

 Spells                   Type           Power        Failure   Level  Hunger
 Summon Small Mammal      Summ           #...         16%         1    None
 Iskenderun's Mystic Bla  Conj           ####....     21%         4    ####...
 Call Imp                 Summ           #.......     24%         2    ##.....
 Summon Guardian Golem    Hex/Summ       #.......     34%         3    ###....
 Call Canine Familiar     Summ           #.......     43%         3    ###....
 Force Lance              Conj/Tloc      ###.....     50%         4    ####...
 Summon Ice Beast         Ice/Summ       #.......     83%         4    ####...
 Summon Lightning Spire   Summ/Air       #.......     83%         4    ####...


Dungeon Overview and Level Annotations

Branches:
Dungeon (4/15)             Temple (1/1) D:4

Altars:
Ashenzari
Cheibriados
Dithmenos
Fedhas
Gozag
Makhleb
Nemelex Xobeh
Qazlal
Ru
Sif Muna
Trog
Uskayaw
Vehumet
Wu Jian
Yredelemnul
Zin
The Shining One

Annotations:
D:3 2 transporters, Enish's ghost, weakling SpCK


Innate Abilities, Weirdness & Mutations

Your plain brown scales are hard. (AC +6)
You cannot fit into any form of body armour.
You are cold-blooded and may be slowed by cold attacks.


Message History

Aiming: Searing Ray (safe; 3% risk of failure)
Press: ? - help, Shift-Dir - straight line, f/p - iguana
Aim: an iguana (almost dead)
You feel a surge of power!
The searing ray hits the iguana.
You kill the iguana!
Sif Muna accepts your kill. (Press . to maintain the ray.)
The orc warrior hits you from afar with a +0 glaive.
The searing ray hits the orc warrior.
The orc warrior is moderately wounded.
The searing ray misses the orc warrior.
The orc warrior hits you from afar with a +0 glaive!!
The searing ray hits the orc priest!
The orc priest is almost dead.
The searing ray hits the orc warrior.
The orc warrior is moderately wounded.
You finish channeling your searing ray.
The orc warrior hits you from afar with a +0 glaive!!
Ouch! That really hurt!
You die...

.###...# #.#.# ##...##
.......# #.#.###.....##
######.###.#.##.......#
........##.#.##.......#
#######.##.#.##.......#
#.##.#.###.....##
#....#.####.(.## .
#.>..#....##'#######'##
#..).#.##.@oo.(....)o..
#.#..#.##..............
#....#.##..............
####.#.#####'#######'##
# #...# ##...## .# ..
######...###.....## .
... +........##.......#
....######.#.##.......#
#....##.#.##.......#


You could see an orc warrior and an orc priest.

Vanquished Creatures
  An ogre (D:4)
  Terence (D:3)
  2 iguanas (D:4)
  Robin (D:3)
  7 adders
  An ooze (D:1)
  4 worms
  5 dart slugs
  2 leopard geckos (D:1)
  2 orcs (D:4)
  10 bats
  A giant cockroach (D:2)
  15 goblins
  12 hobgoblins
  8 jackals (D:2)
  A ball python (D:1)
  5 frilled lizards
  12 kobolds
  A leopard gecko skeleton (D:4)
  10 rats
101 creatures vanquished.

Notes
Turn   | Place    | Note
-------+----------+-------------------------------------------
     0 | D:1      | night the Draconian Conjurer began the quest for the Orb.
     0 | D:1      | Reached XP level 1. HP: 14/14 MP: 3/3
   266 | D:1      | Reached skill level 1 in Unarmed Combat
   303 | D:1      | Reached XP level 2. HP: 14/20 MP: 0/5
   812 | D:1      | Learned a level 2 spell: Searing Ray
   988 | D:1      | Reached XP level 3. HP: 21/26 MP: 6/6
  1512 | D:2      | Reached XP level 4. HP: 33/33 MP: 3/7
  1554 | D:2      | Learned a level 3 spell: Dazzling Spray
  1967 | D:2      | Found a glowing golden altar of the Shining One.
  1968 | D:2      | Found an opulent altar of Gozag.
  1968 | D:2      | Found a deep blue altar of Sif Muna.
  1969 | D:2      | Found a shadowy altar of Dithmenos.
  2000 | D:2      | Became a worshipper of Sif Muna the Loreminder
  2305 | D:3      | Found a transporter.
  2312 | D:3      | Found a transporter.
  2313 | D:3      | Noticed Enish's ghost (weakling SpCK)
  2407 | D:3      | Reached XP level 5. HP: 38/38 MP: 7/9
  2553 | D:3      | Noticed Robin
  2562 | D:3      | Killed Robin
  2839 | D:3      | Found a basalt altar of Yredelemnul.
  2924 | D:3      | Noticed Terence
  2948 | D:3      | HP: 1/38 [Terence/+6 flail of protection (4)]
  2988 | D:3      | Killed Terence
  3441 | D:3      | Learned a level 4 spell: Fulminant Prism
  3453 | D:4      | Reached skill level 1 in Hexes
  3808 | D:4      | Found a staircase to the Ecumenical Temple.
  3831 | Temple   | Entered the Ecumenical Temple
  4219 | D:4      | Noticed an ogre
  4225 | D:4      | Killed an ogre
  4225 | D:4      | Reached skill level 5 in Conjurations
  4225 | D:4      | Reached XP level 6. HP: 45/45 MP: 5/10
  4341 | D:4      | Noticed an orc warrior
  4356 | D:4      | Slain by an orc warrior

Skill      XL: |  1  2  3  4  5 |
---------------+----------------+-----
Unarmed Combat | 1 2 3 4 |  4.2
Spellcasting   | 3 |  3.3
Hexes          | 1 |  1.6
Conjurations   | 5 |  5.0
Dodging        | |  1.7
Stealth        | |  1.7

Action                   |  1- 3 |  4- 6 || total
-------------------------+-------+-------++-------
Melee: Unarmed           |    87 |   122 ||   209
       Tailslap          |    11 |     4 ||    15
 Cast: Magic Dart        |    64 |    77 ||   141
       Searing Ray       |       |     7 ||     7
  Use: Scroll            |     2 |     6 ||     8
 Stab: Sleeping          |     2 |       ||     2
  Eat: Chunk             |     3 |     9 ||    12
Armor: Skin              |    42 |    17 ||    59
Dodge: Dodged            |    80 |    63 ||   143
Block: Other             |       |     1 ||     1
